 Dungeon Crawl Stone Soup version 0.30-a0-335-ge5acde7520 (webtiles) character file.

Game seed: 8228469098210629486

119195 rogsnak the Devastator (level 16, 0/126 HPs)
             Began as a Naga Air Elementalist on Oct 24, 2022.
             Was a High Priest of Sif Muna.
             Slain by a reaper
             ... wielding a +3 scythe of venom
              (25 damage)
             ... on level 4 of the Swamp on Oct 31, 2022.
             The game lasted 02:10:25 (30065 turns).

rogsnak the Devastator (Naga Air Elementalist)     Turns: 30065, Time: 02:10:25

Health: 0/126      AC: 17    Str:  7    XL:     16   Next: 78%
Magic:  22/36      EV:  8    Int: 30    God:    Sif Muna [*****.]
Gold:   2813       SH:  0    Dex: 11    Spells: 16/47 levels left

rFire   + + +      SeeInvis +    n - staff of conjuration
rCold   + . .      Faith    .    (no shield)
rNeg    + . .      Spirit   .    W - +0 troll leather armour
rPois   +          Reflect  .    s - +2 hat {Will+}
rElec   .          Harm     .    Y - +1 cloak
rCorr   .          Rampage  .    V - +2 pair of gloves of Space {*Corrode rF+++ rC+ rN+ Str-4}
Will    +++..                    y - +1 barding
Stlth   ++........               l - amulet of magic regeneration
HPRegen 1.21/turn                R - ring of flight
MPRegen 0.65/turn                X - +6 ring of intelligence

@: corroded, flying, very slow
A: AC +5, large, see invisible, deformed body, poison resistance, slowness 2,
spit poison 1, naga tail 2
a: Spit Poison, Renounce Religion, Channel Magic, Forget Spell, Divine Exegesis


You were on level 4 of the Swamp.
You worshipped Sif Muna.
Sif Muna was extremely pleased with you.
You visited 5 branches of the dungeon, and saw 27 of its levels.
You also visited: Ossuary.

You collected 3022 gold pieces.
You spent 209 gold pieces at shops.

Inventory:

Hand Weapons
 c - a +2 dagger of venom
 N - a +0 lajatang
 Z - a +4 war axe of freezing
Missiles
 i - 8 curare-tipped darts
 p - a boomerang of dispersal
Armour
 s - a +2 hat of willpower (worn)
 y - a +1 barding (worn)
 U - +0 acid dragon scales
 V - the +2 pair of gloves of Space (worn) {*Corrode rF+++ rC+ rN+ Str-4}
   (You bought it in a shop on level 2 of the Orcish Mines)

   Str:       It affects your strength (-4).
   rF:        It renders you almost immune to fire.
   rC:        It protects you from cold.
   rN:        It protects you from negative energy.
   *Corrode:  It may corrode you when you take damage.
 W - a +0 troll leather armour (worn)
 Y - a +1 cloak (worn)
Magical Staves
 n - a staff of conjuration (weapon)
Jewellery
 l - an amulet of magic regeneration (around neck)
 m - a ring of protection from fire
 C - a +4 ring of protection
 O - an amulet of reflection
 P - a ring of protection from cold
 R - a ring of flight (left hand)
 X - a +6 ring of intelligence (right hand)
Wands
 j - a wand of charming (7)
 q - a wand of roots (21)
 u - a wand of digging (15)
 B - a wand of mindburst (24)
 S - a wand of flame (14)
 T - a wand of light (14)
Scrolls
 d - 5 scrolls of summoning
 e - 2 scrolls of torment
 h - 8 scrolls of teleportation
 k - 4 scrolls of magic mapping
 v - 11 scrolls of enchant weapon
 w - 5 scrolls of butterflies
 x - 6 scrolls of poison
 D - 7 scrolls of immolation
 E - 5 scrolls of fear
 G - a scroll of acquirement
 I - a scroll of amnesia
 K - 3 scrolls of enchant armour
 L - 3 scrolls of brand weapon
 Q - 2 scrolls of blinking
Potions
 b - 3 potions of magic
 f - a potion of resistance
 g - 2 potions of berserk rage
 o - 3 potions of cancellation
 r - 8 potions of mutation
 t - 4 potions of heal wounds
 z - a potion of invisibility
 A - 3 potions of haste
 F - 3 potions of brilliance
 H - a potion of attraction
 J - 4 potions of might
 M - 10 potions of curing
Miscellaneous
 a - a tin of tremorstones (2/2)


   Skills:
 + Level 3.6 Fighting
 - Level 2.5 Maces & Flails
 + Level 4.2 Armour
 + Level 4.9 Dodging
 - Level 3.0 Stealth
 + Level 16.1 Spellcasting
 + Level 16.5 Conjurations
 + Level 5.4 Fire Magic
 + Level 14.9 Air Magic
 + Level 0.2 Evocations


You had 16 spell levels left.
You knew the following spells:

 Your Spells              Type           Power      Damage    Failure   Level
a - Shock                 Conj/Air       100%       1d9       0%          1
b - Airstrike             Air            42%        2d(7-23)  1%          4
c - Sticky Flame          Conj/Fire      94%        2d10      1%          4
d - Flame Wave            Conj/Fire      94%        2d20      1%          4
e - Mephitic Cloud        Conj/Pois/Air  92%        N/A       1%          3
f - Freezing Cloud        Conj/Ice/Air   46%        6-21      1%          5
g - Lightning Bolt        Conj/Air       54%        1d76      1%          5
h - Fireball              Conj/Fire      47%        3d19      1%          5

Your spell library contained the following spells:

 Spells                   Type           Power      Damage    Failure   Level
 Magic Dart               Conj           100%       1d8       0%          1
 Static Discharge         Conj/Air       100%       2-7/arc   0%          2
 Foxfire                  Conj/Fire      100%       2x1d9     1%          1
 Kiss of Death            Conj/Necr      100%       2d13      1%          1
 Cigotuvi's Dreadful Rot  Necr/Pois/Air  100%       N/A       1%          2
 Poisonous Vapours        Pois/Air       100%       N/A       1%          2
 Dazzling Flash           Conj/Hex       100%       N/A       1%          3
 Hailstorm                Conj/Ice       84%        3d17      1%          3
 Stone Arrow              Conj/Erth      100%       3d13      1%          3
 Swiftness                Air            85%        N/A       1%          3
 Vhi's Electric Charge    Tloc/Air       100%       N/A       1%          3
 Fulminant Prism          Conj/Hex       42%        3d19      1%          4
 Summon Lightning Spire   Summ/Air       62%        N/A       1%          4
 Arcjolt                  Conj/Air       54%        1d64      1%          5
 Iskenderun's Battlesphe  Conj           100%       2d15      1%          5
 Conjure Ball Lightning   Conj/Air       54%        3x3d20    1%          6
 Apportation              Tloc           48%        N/A       2%          1
 Freeze                   Ice            96%        1d10      2%          1
 Inner Flame              Hex/Fire       40%        N/A       2%          3
 Irradiate                Conj/Tmut      42%        3d25      2%          5
 Orb of Destruction       Conj           55%        9d14      2%          7
 Silence                  Hex/Air        31%        N/A       3%          5
 Call Imp                 Summ           24%        N/A       4%          2
 Starburst                Conj/Fire      47%        6d13      4%          6
 Frozen Ramparts          Ice            48%        1d8       9%          3
 Gell's Gravitas          Tloc           24%        N/A       9%          3
 Lesser Beckoning         Tloc           48%        N/A       9%          3
 Summon Guardian Golem    Hex/Summ       24%        N/A       9%          3
 Teleport Other           Tloc           24%        N/A       9%          3
 Anguish                  Hex/Necr       12%        N/A       26%         4
 Cause Fear               Hex            12%        N/A       26%         4
 Alistair's Intoxication  Tmut/Pois      16%        N/A       58%         5
 Summon Forest            Summ/Tloc      12%        N/A       58%         5
 Spellforged Servitor     Conj/Summ      42%        N/A       61%         7
 Dispersal                Tloc           12%        N/A       99%         6
 Simulacrum               Ice/Necr       12%        N/A       99%         6
 Summon Cactus Giant      Summ           12%        N/A       99%         6
 Enfeeble                 Hex            12%        N/A       100%        7
 Summon Hydra             Summ           12%        N/A       100%        7
 Polar Vortex             Ice            12%        N/A       100%        9
 Shatter                  Erth           12%        3d13*     100%        9


Dungeon Overview and Level Annotations

Branches:
Dungeon (15/15)            Temple (1/1) D:6            Lair (5/5) D:10
  Swamp (4/4) Lair:3        Snake (0/4) Lair:2        Slime (0/5) Lair:5
    Orc (2/2) D:9             Elf (0/3) Orc:2        Vaults (0/5) D:13
 Depths (0/4) D:15        Ossuary (visited)

Altars:
Ashenzari
Cheibriados
Dithmenos
Elyvilon
Fedhas
Gozag
Hepliaklqana
Kikubaaqudgha
Makhleb
Nemelex Xobeh
Okawaru
Qazlal
Ru
Sif Muna
Trog
Uskayaw
Vehumet
Wu Jian
Xom
Yredelemnul
Zin
The Shining One
Jiyva

Shops:
D:1 ?   D:3 *   D:6 (   Orc:2 :*[*

Annotations:
D:3 1 runed translucent door, Crazy Yiuf
Lair:5 3 runed translucent doors, Chaicat's ghost, journeyman MiFi; Paroid's ghost, journeyman AtTm; garrulousMonolith's ghost, journeyman GrEE; purpskrrrp's ghost, adept GnHu


Innate Abilities, Weirdness & Mutations

Your serpentine skin is tough. (AC +5)
You have supernaturally acute eyesight. (SInv)
Armour fits poorly on your strangely shaped body.
Your system is resistant to poisons. (rPois)
You cover ground very slowly.
You can spit poison.
You can use your snake-like lower body to constrict enemies.


Message History

You kill the neqoxec!
Sif Muna accepts your kill.
The mangrove smoulders and burns.
You hear a shout! x4
The fenstrider witch burns!
The fenstrider witch hits you!
* * * LOW HITPOINT WARNING * * *
The fenstrider witch kicks you!
* * * LOW HITPOINT WARNING * * *
The deep elf zephyrmancer is engulfed in noxious fumes.
Unknown command.
Unknown command.
Unknown command.
Casting: Fireball (mildly dangerous; 1% risk of failure)
Confirm with . or Enter, or press ? or * to list all spells.
You don't know that spell.
Casting: Fireball (mildly dangerous; 1% risk of failure)
Confirm with . or Enter, or press ? or * to list all spells.
Aiming: Lightning Bolt (safe; 1% risk of failure)
Press: ? - help, Shift-Dir - straight line, f - fenstrider witch
Aim: a fenstrider witch, wearing a +0 robe (severely wounded, covered in liquid flames, 66% to hit)
You feel a surge of power!
The bolt of lightning hits the fenstrider witch!!
You kill the fenstrider witch!
Sif Muna accepts your kill.
You see here a book of the Spheres.
Sif Muna grants you a gift!
A fenstrider witch bone magically twists into a wand of roots (12).
You hear a shout!
You hear a roar!
You hear a shout!
Unknown command.
You pick up a book of the Spheres and begin reading...
You add the spell Iskenderun's Battlesphere to your library.
Unknown command.
A four-headed hydra, a fenstrider witch and a reaper come into view.
The reaper is wielding a +2 scythe of flaming.
Found 18 gold pieces.
Your surroundings suddenly seem different.
A goliath frog, a deep elf zephyrmancer, a reaper and 2 sixfirhies come into view.
The deep elf zephyrmancer is wielding a +2 short sword of protection.
The reaper is wielding a +3 scythe of venom.
The reaper hits you from afar with a +3 scythe of venom!!
You die...

## ∩# #§#
~.# ~ ~.##
.~#
.~♣#♣~.~#
♣F~~.~♣
#@.2e~#
♣.~..~♣
♣D~8~3♣
~~.♣~3~#
.#♣♣♣♣♣#~~
#######.# #
♣♣♣♣♣
♣~~~~~§§# ~
~~~~~
♣e.~§§☼§#∩2H
~~~.~
♣~~♣$~.~#


You could see a reaper, a four-headed hydra, a goliath frog, a deep elf
zephyrmancer and 2 sixfirhies.

Vanquished Creatures
  A fenstrider witch (Swamp:4)
  A juggernaut skeleton (D:15)
  An eleionoma (Swamp:3)
  2 bunyips
  2 fire dragons
  A quicksilver dragon zombie (D:15)
  The ghost of ryw the Martial Artist, a journeyman DsMo of Makhleb (Lair:2)
  Fannar (D:12)
  12 hydras
  An ice dragon (Lair:5)
  A spriggan skeleton (D:15)
  2 ghost crabs
  7 boulder beetles
  2 catoblepae
  6 centaur warriors
  A two-headed ogre (D:13)
  6 alligators
  Sonja (Lair:3)
  2 skeletal warriors (D:15)
  2 goliath frogs
  3 spriggan druids
  5 swamp dragons
  2 wizards
  A phantasmal warrior (D:15)
  A lindwurm (shapeshifter) (D:13)
  17 ugly things
  Pikel (D:5)
  2 deep elf pyromancers
  2 lindwurms
  11 orc sorcerers
  A necromancer (D:15)
  4 oklob plants (Lair:4)
  2 manticores
  2 will-o-the-wisps
  8 cyclopes
  A frost giant zombie (D:15)
  11 elephants
  5 black mambas
  A rust devil (D:14)
  7 torpor snails
  2 gargoyles
  Maggie (Lair:1)
  11 cane toads
  A yaktaur (D:15)
  2 kobold demonologists
  6 rime drakes
  10 komodo dragons
  3 bloated husks
  A meliai (D:15)
  4 polar bears (D:8)
  4 trolls
  11 tyrant leeches
  Grinder (D:3)
  16 blink frogs
  10 hornets
  14 dream sheep
  14 slime creatures
  Sigmund (D:3)
  3 spriggans
  A shadow (D:10)
  2 wraiths
  52 yaks
  A yak (shapeshifter) (D:15)
  6 wyverns
  2 vampires
  A steam dragon (Lair:5)
  8 basilisks
  A neqoxec (Swamp:4)
  A warg (shapeshifter) (D:13)
  2 vampire mosquitoes (Swamp:1)
  Menkaure (D:6)
  7 wargs
  4 nagas (Lair:2)
  18 swamp worms
  4 acid dragons
  18 water moccasins
  Duvessa (D:6)
  8 ice beasts
  A sky beast (D:7)
  4 swamp drakes
  20 orc warriors
  4 black bears
  8 ogres
  19 wolves
  A lemure (D:5)
  17 centaurs
  A phantom (D:7)
  A kobold brigand (D:7)
  A gnoll sergeant (D:8)
  19 bullfrogs
  2 necrophages (D:7)
  2 scorpions
  5 wights (D:10)
  Dowan (D:6)
  A blink frog simulacrum (Lair:2)
  9 killer bees
  7 howler monkeys
  6 electric eels
  A crimson imp (D:14)
  3 hounds
  A quasit (D:14)
  15 orc priests
  4 gnoll boudas
  Jessica (D:3)
  4 iguanas
  50 orc wizards
  2 polar bear simulacra (Lair:2)
  2 yak simulacra (Lair:2)
  8 mummies (Ossuary)
  17 gnolls
  9 adders
  2 white imps (D:8)
  6 ufetubi
  A worm (D:3)
  100 orcs
  5 bats
  7 endoplasms
  6 giant cockroaches
  A gnoll zombie (Ossuary)
  3 goblins
  7 hobgoblins
  9 jackals
  2 quokkas (D:2)
  5 ball pythons
  A frilled lizard (D:2)
  13 kobolds
  3 kobold zombies (Ossuary)
  4 orc zombies (Ossuary)
  7 rats
  A bush (Lair:4)
822 creatures vanquished.

Vanquished Creatures (others)
  2 foxfires (Swamp:3)
  68 fungi
  117 plants
  6 withered plants (D:15)
193 creatures vanquished.

Grand Total: 1015 creatures vanquished

Notes
Turn   | Place    | Note
-------+----------+-------------------------------------------
     0 | D:1      | rogsnak the Naga Air Elementalist began the quest for the
                  | Orb.
     0 | D:1      | Reached XP level 1. HP: 15/15 MP: 3/3
    24 | D:1      | Found Muheneuw's Magic Scroll Emporium.
   185 | D:1      | Reached XP level 2. HP: 22/22 MP: 1/5
   650 | D:1      | Found a faded altar of an unknown god.
  1147 | D:2      | Reached XP level 3. HP: 28/28 MP: 2/6
  1827 | D:2      | Reached XP level 4. HP: 36/36 MP: 6/8
  1847 | D:2      | Found a broken altar of Ashenzari.
  2127 | D:3      | Noticed Sigmund
  2134 | D:3      | Killed Sigmund
  2135 | D:3      | Reached XP level 5. HP: 35/42 MP: 7/10
  2135 | D:3      | Reached XP level 6. HP: 41/49 MP: 7/11
  2271 | D:3      | Noticed Grinder
  2277 | D:3      | Noticed Jessica
  2279 | D:3      | Killed Jessica
  2291 | D:3      | Killed Grinder
  2292 | D:3      | Reached XP level 7. HP: 23/55 MP: 2/13
  2524 | D:3      | Found Xeozaud's Assorted Antiques.
  2685 | D:3      | Found a runed translucent door.
  2686 | D:3      | Noticed Crazy Yiuf
  2694 | D:3      | Learned a level 4 spell: Airstrike
  2699 | D:3      | Learned a level 4 spell: Sticky Flame
  3684 | D:5      | Entered Level 5 of the Dungeon
  3685 | D:5      | Found a sand-covered staircase.
  3860 | Ossuary  | Entered an ossuary
  3972 | Ossuary  | Reached skill level 5 in Conjurations
  4052 | Ossuary  | Reached skill level 5 in Spellcasting
  4296 | D:5      | Reached skill level 5 in Air Magic
  4296 | D:5      | Reached XP level 8. HP: 61/63 MP: 12/15
  4368 | D:5      | Noticed Pikel
  4387 | D:5      | Killed Pikel
  4556 | D:5      | Reached skill level 1 in Fighting
  4786 | D:6      | Found Erargh's Weapon Shop.
  4910 | D:6      | Reached XP level 9. HP: 34/70 MP: 16/18
  5090 | D:6      | Noticed Duvessa
  5096 | D:6      | Noticed Dowan
  5517 | D:6      | Noticed Menkaure
  5522 | D:6      | Killed Menkaure
  5557 | D:6      | Learned a level 4 spell: Flame Wave
  5561 | D:6      | Learned a level 3 spell: Mephitic Cloud
  5706 | D:6      | Killed Duvessa
  5745 | D:6      | Killed Dowan
  5839 | D:6      | Found a staircase to the Ecumenical Temple.
  5917 | D:6      | Found a glowing silver altar of Zin.
  5942 | Temple   | Entered the Ecumenical Temple
  6128 | Temple   | Became a worshipper of Sif Muna the Loreminder
  6240 | D:7      | Found a snail-covered altar of Cheibriados.
  6339 | D:7      | Found an ornate altar of the Wu Jian Council.
  6402 | D:7      | Found an opulent altar of Gozag.
  6489 | D:7      | Found a glowing golden altar of the Shining One.
  6556 | D:7      | Reached XP level 10. HP: 71/79 MP: 12/21
  7285 | D:8      | Reached * piety under Sif Muna
  7460 | D:8      | Found an iron altar of Okawaru.
  8121 | D:8      | Reached skill level 1 in Fire Magic
  8180 | D:8      | Reached skill level 10 in Conjurations
  8180 | D:8      | Reached XP level 11. HP: 86/86 MP: 12/23
  8203 | D:8      | Reached ** piety under Sif Muna
  8288 | D:8      | Found a sparkling altar of Nemelex Xobeh.
  9172 | D:9      | Found a staircase to the Orcish Mines.
  9575 | Orc:1    | Entered Level 1 of the Orcish Mines
  9581 | Orc:1    | Noticed an orc sorcerer
  9594 | D:9      | Killed an orc sorcerer
 10126 | Orc:1    | Reached *** piety under Sif Muna
 10686 | Orc:2    | Entered Level 2 of the Orcish Mines
 10721 | Orc:2    | Noticed an orc sorcerer
 10723 | Orc:2    | Noticed an orc sorcerer
 11294 | Orc:2    | Killed an orc sorcerer
 11295 | Orc:2    | Reached skill level 10 in Spellcasting
 11399 | Orc:2    | Killed an orc sorcerer
 11408 | Orc:2    | Reached **** piety under Sif Muna
 11409 | Orc:2    | Noticed an orc sorcerer
 11437 | Orc:2    | Killed an orc sorcerer
 11550 | Orc:2    | Noticed an orc sorcerer
 11587 | Orc:2    | Noticed an orc sorcerer
 11696 | Orc:2    | Noticed an orc sorcerer
 11699 | Orc:2    | Killed an orc sorcerer
 11719 | Orc:2    | Killed an orc sorcerer
 11720 | Orc:2    | Reached skill level 1 in Armour
 11846 | Orc:2    | Noticed an orc sorcerer
 11848 | Orc:2    | Killed an orc sorcerer
 11849 | Orc:2    | Reached XP level 12. HP: 93/93 MP: 16/26
 11906 | Orc:2    | Found Ucuenwu's Assorted Antiques.
 11906 | Orc:2    | Found Nais Akk's Antique Armour Shop.
 12085 | Orc:2    | Found Hooq's Book Shop.
 12085 | Orc:2    | Found Zotunoheps's Assorted Antiques.
 12138 | Orc:2    | Bought a pair of shimmering gloves for 209 gold pieces
 12138 | Orc:2    | Identified the +2 pair of gloves of Space {*Corrode rF+++
                  | rC+ rN+ Str-4} (You bought it in a shop on level 2 of the
                  | Orcish Mines)
 12239 | Orc:2    | Found a staircase to the Elven Halls.
 12254 | Orc:2    | Reached skill level 10 in Air Magic
 12528 | D:10     | Entered Level 10 of the Dungeon
 12550 | D:10     | Identified the +3 robe of Wotokk {Int+4}
 12966 | D:10     | Found a staircase to the Lair.
 12971 | D:10     | Reached ***** piety under Sif Muna
 13179 | D:10     | Found a shimmering altar of Xom.
 13867 | Lair:1   | Entered Level 1 of the Lair of Beasts
 14394 | Lair:1   | Received a gift from Sif Muna
 14407 | Lair:1   | Got Sif Muna's Volume of Combat Magic {god gift}
 14414 | Lair:1   | Learned a level 5 spell: Freezing Cloud
 14519 | Lair:1   | Noticed Maggie
 14523 | Lair:1   | Killed Maggie
 14929 | Lair:1   | Gained mutation: You can use your snake-like lower body to
                  | constrict enemies. [Naga growth]
 14929 | Lair:1   | Reached XP level 13. HP: 100/100 MP: 20/28
 15226 | Lair:2   | Found a staircase to the Snake Pit.
 15438 | Lair:2   | Found a runed translucent gate.
 15438 | Lair:2   | Found a runed translucent gate.
 15438 | Lair:2   | Found a runed translucent gate.
 15539 | Lair:2   | Noticed ryw's ghost (journeyman DsMo)
 16404 | Lair:2   | Learned a level 5 spell: Lightning Bolt
 16456 | Lair:3   | Upgraded the game from 0.30-a0-310-g7d6cbdfea6 to
                  | 0.30-a0-313-gae38170b09
 16544 | Lair:3   | Noticed Sonja
 16551 | Lair:3   | Killed Sonja
 16981 | Lair:3   | Found a staircase to the Swamp.
 18305 | Lair:4   | Received a gift from Sif Muna
 18315 | Lair:4   | Got Lubek's Secrets of Translocation and the Congregation
                  | {god gift}
 18564 | Lair:4   | Reached skill level 1 in Maces & Flails
 18707 | Lair:4   | Reached XP level 14. HP: 42/109 MP: 14/31
 19751 | Lair:5   | Entered Level 5 of the Lair of Beasts
 20104 | Lair:5   | Found a staircase to the Slime Pits.
 20104 | Lair:5   | Found a viscous altar of Jiyva.
 20384 | Lair:5   | Upgraded the game from 0.30-a0-313-gae38170b09 to
                  | 0.30-a0-322-g102857c98e
 20432 | Lair:5   | Received a gift from Sif Muna
 20433 | Lair:5   | Got Sif Muna's Book of Breezy Blows and Bruises {god gift}
 20872 | Lair:5   | Found a runed translucent gate.
 20872 | Lair:5   | Found a runed translucent gate.
 20872 | Lair:5   | Found a runed translucent gate.
 20872 | Lair:5   | Noticed purpskrrrp's ghost (adept GnHu)
 20872 | Lair:5   | Noticed Paroid's ghost (journeyman AtTm)
 20872 | Lair:5   | Noticed Chaicat's ghost (journeyman MiFi)
 20873 | Lair:5   | Noticed garrulousMonolith's ghost (journeyman GrEE)
 20960 | Lair:5   | Found a runed translucent door.
 21154 | Lair:5   | Identified a scroll of acquirement
 21155 | Lair:5   | Acquired a +2 hat of willpower
 21997 | Lair:5   | Reached skill level 15 in Conjurations
 22562 | D:11     | Reached XP level 15. HP: 115/116 MP: 13/33
 22831 | D:11     | Received a gift from Sif Muna
 22832 | D:11     | Got Sif Muna's Atlas of the Ground and Spellbinding {god
                  | gift}
 23090 | Lair:2   | Killed ryw's ghost
 23696 | D:12     | Noticed Fannar
 23703 | D:12     | Killed Fannar
 24507 | D:13     | Found a gate to the Vaults.
 25211 | D:14     | Reached skill level 15 in Spellcasting
 25214 | D:14     | Reached skill level 5 in Fire Magic
 25348 | D:14     | Identified the +4 shortbow of Dishonour {freeze, MP+9}
 25543 | D:14     | Received a gift from Sif Muna
 25544 | D:14     | Got Boosy's Vademecum on Fire and Conflict {god gift}
 25744 | D:15     | Entered Level 15 of the Dungeon
 25783 | D:15     | Found a staircase to the Depths.
 26147 | D:15     | Reached XP level 16. HP: 124/124 MP: 27/35
 26818 | D:15     | Identified the -2 pair of boots "Ynenowuq" {rElec rC+
                  | Dex+3}
 27408 | Swamp:1  | Entered Level 1 of the Swamp
 28712 | Swamp:2  | Upgraded the game from 0.30-a0-322-g102857c98e to
                  | 0.30-a0-335-ge5acde7520
 28718 | Swamp:2  | Learned a level 5 spell: Fireball
 29840 | Swamp:4  | Entered Level 4 of the Swamp
 30055 | Swamp:4  | Noticed a fenstrider witch
 30063 | Swamp:4  | Killed a fenstrider witch
 30063 | Swamp:4  | Received a gift from Sif Muna
 30065 | Swamp:4  | Noticed a fenstrider witch
 30065 | Swamp:4  | Slain by a reaper

Illustrated notes

Levels and vault maps discovered:
D:1:      enne_arrival_octagon_isle, layout_loops_corners, serial_shops,
          nicolae_square_shop, basic_ecumenical_altar
D:2:      layout_loops_ring, basic_altar
D:3:      layout_basic, serial_shops, shop_statue, grunt_decor_mini_mirrors,
          dreamdust_princess_corridor, uniq_jessica, uniq_grinder,
          uniq_crazy_yiuf_cottage, uniq_sigmund
D:4:      layout_basic
D:5:      layout_rooms, nicolae_ossuary_entry_ruins, uniq_pikel
D:6:      layout_cave_pools, zin_statuary, minmay_temple_entry_trees,
          serial_park_tiny_1, kennysheep_windowed_goal, uniq_duvessa,
          uniq_menkaure
D:7:      layout_gridville, mainiacjoe_overflow_paths,
          mainiacjoe_overflow_catch_the_wave, lemuel_doored_altar,
          minmay_fractal_squares_diagonal_5
D:8:      layout_loops_ring, mainiacjoe_overflow_boulevard, kennysheep_mini,
          serial_ice, serial_ice_o, serial_ice_i, serial_ice_m, serial_ice_f
D:9:      layout_basic, david_orc_2, kennysheep_generic_room_7
D:10:     layout_loops_ring, mainiacjoe_overflow_cross_hatched,
          due_lair_maze_entry_diamond
D:11:     layout_cave_pools
D:12:     layout_loops_ring, uniq_fannar
D:13:     layout_basic, david_vaults_4
D:14:     kennysheep_demon_hangout, layout_rooms, infiniplex_staircase_diamond
D:15:     gammafunk_depths_entry_grave, layout_stronghold,
          lightli_fourway_metalbox
Temple:   dpeg_chambers_temple
Lair:1:   hellmonk_destroyed_diamonds, layout_big_grid, uniq_maggie
Lair:2:   layout_roguey, minmay_snake_entry_guardpost_small, gammafunk_ghost_icy
Lair:3:   layout_chaotic_city, palyth_hydra_swamp_entry, serial_bayou_shore_a,
          uniq_sonja
Lair:4:   nzn_winding_woodlands_small [nzn_winding_woodlands_5x15_eye,
          nzn_winding_woodlands_center_garden, nzn_winding_woodlands_5x15_pool],
          layout_hall_layers, cheibrodos_lair_caveside_slide, dpeg_oklob_1
Lair:5:   guppyfry_lair_end_dragon, layout_hall_layers, wormcave, slime_entry_1,
          gammafunk_ghost_cemetery
Swamp:1:  layout_basic_swamp, evilmike_swamp_ruin_rubble_1
Swamp:2:  layout_basic_swamp, nicolae_swamp_oxbows, infiniplex_staircase_pool_2
Swamp:3:  layout_basic_swamp, evilmike_swamp_ruin_house_1
Swamp:4:  nzn_swamp_witches_coven, layout_basic_swamp
Orc:1:    layout_caves, nicolae_orc_crystal_geode
Orc:2:    st_orc_town, layout_caves

Skill      XL: |  1  2  3  4  5  6  7  8  9 10 11 12 13 14 15 16 |
---------------+-------------------------------------------------+-----
Spellcasting   | 3 4 5 6 7 8 10 11 13 14 15 16 | 16.1
Conjurations   | 3 4 5 7 8 10 11 12 13 15 16 | 16.5
Air Magic      | 4 5 7 8 9 10 11 12 13 14 | 14.9
Dodging        | 2 3 4 |  4.9
Fighting       | 1 2 3 |  3.6
Fire Magic     | 1 2 3 4 5 |  5.4
Armour         | 1 2 3 4 |  4.2
Maces & Flails | 1 2 |  2.5
Stealth        | |  3.0
Evocations     | |  0.2

Action                   |  1- 3 |  4- 6 |  7- 9 | 10-12 | 13-15 | 16-18 || total
-------------------------+-------+-------+-------+-------+-------+-------++-------
Melee: Dagger            |    13 |       |       |       |       |       ||    13
       Staff             |       |       |    19 |    87 |    90 |    59 ||   255
       Punch             |       |       |       |     2 |     6 |     4 ||    12
       Whip              |       |       |       |       |   180 |       ||   180
       Constrict         |       |       |       |       |    68 |    18 ||    86
 Cast: Shock             |    68 |    33 |   331 |   548 |   371 |    23 ||  1374
       Airstrike         |       |       |    12 |    80 |   108 |    41 ||   241
       Mephitic Cloud    |       |       |     3 |    60 |    74 |    16 ||   153
       Sticky Flame      |       |       |     1 |   103 |   125 |    32 ||   261
       Freezing Cloud    |       |       |       |     1 |    48 |    20 ||    69
       Flame Wave        |       |       |       |     1 |       |       ||     1
       Lightning Bolt    |       |       |       |       |    76 |    58 ||   134
       Fireball          |       |       |       |       |       |    11 ||    11
 Abil: Spit Poison       |     8 |     2 |     4 |       |       |       ||    14
Evoke: Wand              |       |       |       |     2 |     2 |       ||     4
  Use: Scroll            |       |       |       |    13 |    12 |     8 ||    33
       Potion            |       |       |       |       |     1 |       ||     1
 Stab: Confused          |       |       |       |     4 |    19 |     1 ||    24
       Petrifying        |       |       |       |       |     1 |       ||     1
Armor: Robe              |     9 |       |    56 |    81 |       |       ||   146
       Leather armour    |       |       |       |    73 |   109 |       ||   182
       Troll leather arm |       |       |       |       |    58 |    80 ||   138
Dodge: Dodged            |     9 |     3 |    71 |   183 |   149 |    50 ||   465

Table legend: (Time is in decaauts)
 A = Elapsed time spent in this place.
 B = Non-inter-level travel time spent in this place.
 C = Inter-level travel time spent in this place.
 D = Time resting spent in this place.
 E = Time spent auto-exploring this place.
 F = Levels seen in this place.
 G = Mean time per level.
                   A        B        C        D        E       F      G
               +--------+--------+--------+--------+--------+-----+--------+
         Total |  36986 |  35681 |   1305 |   6733 |  18256 |  28 | 1320.9 |
       Dungeon |  19721 |  18991 |    730 |   2741 |  11171 |  15 | 1314.7 |
        Temple |    298 |    298 |      0 |      0 |    236 |   1 |  298.0 |
          Lair |  10404 |   9940 |    464 |   2394 |   4584 |   5 | 2080.8 |
         Swamp |   3299 |   3214 |     85 |    670 |   1356 |   4 |  824.8 |
  Orcish Mines |   2800 |   2776 |     24 |    730 |    868 |   2 | 1400.0 |
       Ossuary |    463 |    463 |      0 |    197 |     38 |   1 |  463.0 |
               +--------+--------+--------+--------+--------+-----+--------+

Top non-repeatable levels by time:
  Lair:5: 3036 daAuts
  Lair:4: 2609 daAuts
     D:9: 2112 daAuts
    D:10: 1963 daAuts
    D:15: 1875 daAuts
  Lair:3: 1650 daAuts
  Lair:2: 1564 daAuts
  Lair:1: 1542 daAuts
   Orc:2: 1479 daAuts
     D:8: 1452 daAuts
     D:1: 1400 daAuts
     D:7: 1399 daAuts
   Orc:1: 1320 daAuts
 Swamp:2: 1310 daAuts
     D:3: 1292 daAuts
